AoeStats
← Pedax

Arabia

504707474Analyzed
3v3 RM · 26d ago on Sep 6, 2026· 34m 26s· 6 players
Game mode
Random Map
Map size
Normal (6 player)
Population
200
Speed
Normal
Resources
Standard
Victory
Conquest
Starting age
Dark Age
Ending age
Imperial Age
RankedLock teamsTeams togetherTeam positionsShared explorationLock speedFull tech treeHidden civsTurbo modeCheats
Victory
Defeat
🇬🇧 Mongols · United Kingdom
964
+16
🇭🇰 Tupi · Hong Kong SAR China
952
+49
🇯🇵 Ethiopians · Japan
940
+17
🇮🇹 Saracens · Italy
1015
-18
🇮🇹 Magyars · Italy
966
-17
🇮🇹 Franks · Italy
925
-15
Poko_soccer
7:05 Loom
10:27 Feudal Age
11:38 Double-Bit Axe
11:50 Horse Collar
21:10 Castle Age
21:58 Forging
21:48 Scale Mail Armor
22:54 Wheelbarrow
22:23 Heavy Plow
22:35 Bow Saw
22:18 Stone Mining
22:18 Gold Mining
23:32 Husbandry
24:28 Scale Barding Armor
25:53 Light Cavalry
27:41 Iron Casting
29:46 Chain Mail Armor
29:57 Town Watch
34:57 Imperial Age
Donelson
7:31 Loom
9:56 Feudal Age
10:40 Horse Collar
11:58 Arson
11:37 Man-at-Arms
12:49 Double-Bit Axe
19:19 Fletching
22:24 Padded Archer Armor
23:36 Scale Mail Armor
26:13 Castle Age
24:18 Town Watch
25:07 Forging
26:32 Pikeman
27:52 Squires
29:36 Bodkin Arrow
31:50 Crossbowman
Gemini 4.0 pro
9:24 Loom
12:09 Feudal Age
15:56 Castle Age
15:05 Double-Bit Axe
16:41 Horse Collar
18:13 Fletching
20:06 Bow Saw
21:25 Bodkin Arrow
22:08 Wheelbarrow
24:08 Town Watch
24:40 Padded Archer Armor
26:19 Ballistics
26:37 Leather Archer Armor
27:33 Hand Cart
33:47 Imperial Age
31:38 Heavy Plow
32:27 Gold Mining
Blois
8:00 Loom
11:05 Feudal Age
11:38 Double-Bit Axe
14:44 Fletching
16:41 Wheelbarrow
20:22 Castle Age
20:20 Horse Collar
20:31 Gold Mining
20:27 Crossbowman
21:17 Bodkin Arrow
22:56 Padded Archer Armor
26:42 Ballistics
30:31 Leather Archer Armor
Pedax
8:26 Loom
11:56 Feudal Age
12:36 Double-Bit Axe
20:14 Castle Age
20:44 Gold Mining
20:46 Stone Mining
21:39 Forging
29:02 Fletching
edivaD
10:27 Feudal Age
12:31 Man-at-Arms
Connection lost

Rejoining the realm…

Still unreachable

The connection could not be restored.

Session expired

The server has moved on; the page needs a fresh start.